[Event "January 9 Late 2024"]
[Site "https://www.chess.com"]
[Date "2024.01.09"]
[Round "1"]
[White "Cilek, Bora"]
[Black "Mikaelyan, Arman"]
[Result "0-1"]
[Board "89"]
[TimeControl "180+1"]
[WhiteFideId "34502165"]
[BlackFideId "13304852"]
[WhiteElo "2456"]
[BlackElo "2814"]
[WhiteTeam "TUR"]
[BlackTeam "ARM"]
[WhiteClock "0:00:15"]
[BlackClock "0:00:37"]

1. e4 e5 2. Nf3 Nc6 3. d4 exd4 4. Bc4 Nf6 5. e5 Ne4 6. Bd5 Nc5 7. O-O Be7 8. Re1 Ne6 9. Nbd2 O-O 10. Nb3 d6 11. Bxc6 bxc6 12. Nbxd4 Nxd4 13. Qxd4 Bf5 14. Bf4 d5 15. c4 Rb8 16. b3 Be4 17. Rad1 Bb4 18. Re3 Qe7 19. Rxe4 dxe4 20. Qxe4 Rbd8 21. Rxd8 Rxd8 22. h4 Qe6 23. h5 h6 24. Nd4 Qg4 25. f3 Qh4 26. g3 Qh3 27. Qf5 Qxf5 28. Nxf5 Rd1+ 29. Kg2 Ra1 30. Nd4 Rxa2+ 31. Kh3 Bd2 32. Bxd2 Rxd2 33. Nxc6 a6 34. Kg4 Rb2 35. Nd4 c5 36. Nf5 Rxb3 37. Nd6 a5 38. Ne4 Rb4 39. Kf5 Rxc4 40. Nd6 Rb4 41. Ne4 a4 42. Nxc5 a3 0-1

[Event "January 9 Late 2024"]
[Site "https://www.chess.com"]
[Date "2024.01.09"]
[Round "1"]
[White "Gokerkan, Cem Kaan"]
[Black "Gomes, Luiz Alexandre de Souza"]
[Result "1-0"]
[Board "90"]
[TimeControl "180+1"]
[WhiteFideId "6336760"]
[BlackFideId "2102790"]
[WhiteElo "2814"]
[BlackElo "2455"]
[WhiteTeam "TUR"]
[BlackTeam "BRA"]
[WhiteClock "0:00:52"]
[BlackClock "0:00:10"]

1. e4 c5 2. Nf3 d6 3. d4 cxd4 4. Nxd4 Nf6 5. Nc3 a6 6. Bc4 e6 7. Be3 Be7 8. Bb3 Qc7 9. g4 h6 10. f3 Nc6 11. Qe2 Nxd4 12. Bxd4 b5 13. O-O-O Bb7 14. h4 Nd7 15. Bxg7 Rh7 16. Bd4 Ne5 17. f4 Nc4 18. g5 Rc8 19. Kb1 e5 20. fxe5 dxe5 21. Be3 Nxb2 22. Nd5 Bxd5 23. Rxd5 Nc4 24. Bc1 hxg5 25. Qg4 Nb6 26. Rd3 a5 27. Qf5 Rg7 28. hxg5 a4 29. Rh8+ Bf8 30. Ba3 b4 31. Bxb4 Nd7 32. Qxd7+ Qxd7 33. Rxf8# 1-0

[Event "January 9 Late 2024"]
[Site "https://www.chess.com"]
[Date "2024.01.09"]
[Round "1"]
[White "Morales Garcia, Sergio Joshafatt"]
[Black "Cabarkapa, Novak"]
[Result "0-1"]
[Board "91"]
[TimeControl "180+1"]
[WhiteFideId "5106249"]
[BlackFideId "943746"]
[WhiteElo "2455"]
[BlackElo "2809"]
[WhiteTeam "MEX"]
[BlackTeam "SRB"]
[WhiteClock "0:00:00"]
[BlackClock "0:00:22"]

1. d4 a6 2. c4 b5 3. e4 Bb7 4. Nd2 e6 5. cxb5 axb5 6. Bxb5 Qg5 7. Bf1 Qa5 8. Bd3 Nf6 9. Qe2 Nc6 10. Nf3 Nb4 11. O-O Nxd3 12. Qxd3 Ba6 13. Nc4 Bxc4 14. Qxc4 Nxe4 15. Re1 Nd6 16. Qc2 Be7 17. Bd2 Qa7 18. Bg5 Bxg5 19. Nxg5 c6 20. a3 h6 21. Ne4 Nf5 22. Rad1 O-O 23. Qc5 Rfb8 24. Re2 Qa6 25. Red2 Rb5 26. Qc3 Rab8 27. Nc5 Qa7 28. h3 d6 29. Ne4 Qb7 30. a4 Rb3 31. Qc1 Rb4 32. a5 Qa6 33. Qc3 Rb3 34. Qc2 Rxb2 35. Qxb2 Rxb2 36. Rxb2 Qxa5 37. Rc1 Qd5 38. Nc3 Qxd4 39. Rbc2 c5 40. Ne2 Qe5 41. g3 h5 42. Kg2 h4 43. g4 Ne7 44. Nc3 Nc6 45. Ne2 Nb4 46. Rd2 Qe4+ 47. f3 Qe3 48. Rcd1 Nd5 49. Nc1 Nf4+ 50. Kh2 Qxf3 51. Nd3 Qxh3+ 52. Kg1 Qg3+ 0-1

[Event "January 9 Late 2024"]
[Site "https://www.chess.com"]
[Date "2024.01.10"]
[Round "1"]
[White "Stopa, Jacek"]
[Black "Li, Tedric"]
[Result "1-0"]
[Board "92"]
[TimeControl "180+1"]
[WhiteFideId "1119591"]
[BlackFideId "3242897"]
[WhiteElo "2807"]
[BlackElo "2455"]
[WhiteTeam "POL"]
[BlackTeam "AUS"]
[WhiteClock "0:01:15"]
[BlackClock "0:00:49"]

1. d4 Nf6 2. c4 e6 3. Nf3 c5 4. d5 exd5 5. cxd5 d6 6. Nc3 g6 7. e4 Bg7 8. h3 O-O 9. Be2 b5 10. Bxb5 Nxe4 11. Nxe4 Qa5+ 12. Nfd2 Qxb5 13. Nxd6 Qd3 14. N2c4 Bf5 15. Nxf5 Qxf5 16. O-O Nd7 17. Be3 Rfd8 18. Qf3 Qxf3 19. gxf3 Nb6 20. Rac1 Nxc4 21. Rxc4 Rxd5 22. b3 Bd4 23. Rd1 Rad8 24. Kf1 Bxe3 25. Rxd5 Rxd5 26. fxe3 Rd2 27. Ra4 Rd7 28. Ke2 f5 29. Rc4 Rc7 30. b4 Kf7 31. Rxc5 Rb7 32. a3 Ke6 33. Kd3 Re7 34. Ra5 Rd7+ 35. Kc3 Kf6 36. a4 Re7 37. Ra6+ Kg5 38. Kd4 Rd7+ 39. Ke5 Re7+ 40. Re6 Rb7 41. b5 Rf7 42. a5 f4 43. e4 Rc7 44. Rc6 Rd7 45. b6 axb6 46. axb6 Rb7 47. Kd6 Kh4 48. Kc5 Kg3 49. Rc7 Rb8 50. e5 Kxf3 51. b7 Ke4 52. e6 Ke5 53. e7 Ke6 54. Rc8 1-0

[Event "January 9 Late 2024"]
[Site "https://www.chess.com"]
[Date "2024.01.09"]
[Round "1"]
[White "Bochnicka, Vladimir"]
[Black "Wafa, Hamed"]
[Result "1-0"]
[Board "93"]
[TimeControl "180+1"]
[WhiteFideId "14943450"]
[BlackFideId "10628452"]
[WhiteElo "2454"]
[BlackElo "2801"]
[WhiteTeam "SVK"]
[BlackTeam "EGY"]
[WhiteClock "0:00:05"]
[BlackClock "0:00:00"]

1. e4 c5 2. Nf3 a6 3. c3 d5 4. exd5 Nf6 5. d4 cxd4 6. cxd4 Nxd5 7. Bc4 Nc6 8. O-O Bg4 9. h3 Bh5 10. Nc3 Nxc3 11. bxc3 e6 12. Rb1 b5 13. Bd3 Be7 14. Bf4 O-O 15. Re1 Rc8 16. Be4 Na5 17. a4 bxa4 18. Qxa4 Rxc3 19. Bd2 Ra3 20. Qc2 Bxf3 21. gxf3 Qc8 22. Bxh7+ Kh8 23. Qe4 Qc6 24. d5 Qd7 25. Bb4 Bxb4 26. Qh4 g5 27. Qh5 f6 28. Bf5+ Kg8 29. Bxe6+ Qxe6 30. Rxe6 Kg7 31. Rxb4 Ra1+ 32. Kg2 Rf7 33. Rb8 1-0

[Event "January 9 Late 2024"]
[Site "https://www.chess.com"]
[Date "2024.01.09"]
[Round "1"]
[White "Velikanov, Alexander"]
[Black "Joie, Sebastien"]
[Result "1-0"]
[Board "94"]
[TimeControl "180+1"]
[WhiteFideId "2039290"]
[BlackFideId "650420"]
[WhiteElo "2798"]
[BlackElo "2451"]
[WhiteTeam "USA"]
[BlackTeam "FRA"]
[WhiteClock "0:00:34"]
[BlackClock "0:00:00"]

1. e4 c5 2. c3 d5 3. exd5 Qxd5 4. d4 Nc6 5. Nf3 Bg4 6. dxc5 Qxd1+ 7. Kxd1 e6 8. Be3 Nge7 9. Nd2 Nf5 10. b4 a5 11. Bb5 Be7 12. Kc2 Bf6 13. Nd4 Nxd4+ 14. Bxd4 axb4 15. Bxf6 Bf5+ 16. Kb3 Ra3+ 17. Kc4 gxf6 18. Bxc6+ bxc6 19. Kxb4 Ra7 20. Nc4 Ke7 21. a4 Rb8+ 22. Nb6 Rd8 23. Rhd1 Bd3 24. Rd2 e5 25. Rad1 e4 26. g4 Rg8 27. f3 Ke6 28. fxe4 Bxe4 29. Rd6+ Ke5 30. h3 f5 31. Rf1 Bd5 32. Rxf5+ Ke4 33. Nxd5 cxd5 34. Rfxd5 Rb8+ 35. Ka3 Rba8 36. Rd4+ Ke3 37. Kb4 Rb7+ 38. Rb6 Rc7 39. a5 Rac8 40. Rc4 Kd3 41. c6 Ra8 42. a6 Rca7 43. Kb5 Re8 44. Rb7 Raa8 45. c7 Rac8 46. a7 Re5+ 47. Rc5 Re6 48. Rb8 1-0

[Event "January 9 Late 2024"]
[Site "https://www.chess.com"]
[Date "2024.01.09"]
[Round "1"]
[White "Nilsen, Tobias Lang"]
[Black "Khamrakulov, Djurabek"]
[Result "1/2-1/2"]
[Board "95"]
[TimeControl "180+1"]
[WhiteFideId "1521624"]
[BlackFideId "14201143"]
[WhiteElo "2451"]
[BlackElo "2797"]
[WhiteTeam "NOR"]
[BlackTeam "UZB"]
[WhiteClock "0:01:25"]
[BlackClock "0:01:53"]

1. e4 e5 2. Nf3 Nf6 3. Nxe5 d6 4. Nf3 Nxe4 5. d4 d5 6. Bd3 Bd6 7. O-O O-O 8. Re1 Bf5 9. c4 c6 10. Nc3 Nxc3 11. bxc3 Bxd3 12. Qxd3 dxc4 13. Qxc4 Nd7 14. Bg5 Qc7 15. Be7 Bxe7 16. Rxe7 Rae8 17. Rae1 Rxe7 18. Rxe7 Qd6 19. Re1 Nb6 20. Qd3 h6 21. c4 Nd7 22. Qf5 Rd8 23. c5 Qf6 24. Qxf6 Nxf6 25. Re7 Nd7 26. Kf1 Kf8 27. Re3 Nf6 28. Ra3 a6 29. Rb3 Rd7 30. Ne5 Rc7 31. Nc4 Rd7 32. Nd6 b5 33. cxb6 Rxd6 34. b7 Nd7 35. b8=Q+ Nxb8 36. Rxb8+ Ke7 37. Rb6 Rxd4 38. Rxa6 Rc4 39. Ke2 Rc2+ 40. Ke3 g5 41. h3 f5 42. Ra7+ Ke6 43. Rh7 Rxa2 44. Rxh6+ Kd5 45. Rg6 Ra3+ 46. Ke2 Ra2+ 47. Ke3 Ra3+ 48. Ke2 Ra2+ 49. Ke3 1/2-1/2

[Event "January 9 Late 2024"]
[Site "https://www.chess.com"]
[Date "2024.01.09"]
[Round "1"]
[White "Tatarinov, Dmitry"]
[Black "Mazurkiewicz, Michal"]
[Result "1-0"]
[Board "96"]
[TimeControl "180+1"]
[WhiteFideId "24160067"]
[BlackFideId "1124943"]
[WhiteElo "2789"]
[BlackElo "2451"]
[WhiteTeam "RUS"]
[BlackTeam "POL"]
[WhiteClock "0:00:15"]
[BlackClock "0:00:02"]

1. e4 d6 2. d4 Nf6 3. Nc3 c6 4. a4 e5 5. Nf3 Qc7 6. Bc4 Be7 7. O-O O-O 8. h3 Re8 9. Re1 Nbd7 10. Be3 a5 11. Qd2 exd4 12. Nxd4 Nc5 13. f3 Nfd7 14. Rad1 Qb6 15. b3 Ne5 16. Bf1 Bh4 17. Bf2 Bxf2+ 18. Qxf2 Qb4 19. Re3 Ne6 20. Nf5 Rd8 21. f4 Ng6 22. g3 d5 23. exd5 Nexf4 24. Rd4 Qc5 25. Ne4 Qb6 26. Ned6 Bxf5 27. Nxf5 Nxd5 28. Rxd5 cxd5 29. Re8+ Rxe8 30. Qxb6 Rad8 31. Bd3 Ne5 32. Kf2 g6 33. Nd4 Nxd3+ 34. cxd3 Rd7 35. Qxa5 Rde7 36. Qxd5 Re1 37. Qxb7 Rh1 38. Qxh1 1-0

[Event "January 9 Late 2024"]
[Site "https://www.chess.com"]
[Date "2024.01.09"]
[Round "1"]
[White "Bold, Andre"]
[Black "Badmatsyrenov, Oleg"]
[Result "0-1"]
[Board "97"]
[TimeControl "180+1"]
[WhiteFideId "16208471"]
[BlackFideId "24115762"]
[WhiteElo "2450"]
[BlackElo "2783"]
[WhiteTeam "GER"]
[BlackTeam "FID"]
[WhiteClock "0:00:13"]
[BlackClock "0:01:05"]

1. d4 Nf6 2. Nf3 c5 3. c3 e6 4. e3 Nc6 5. Nbd2 Be7 6. Bd3 d5 7. O-O O-O 8. dxc5 Bxc5 9. b4 Be7 10. e4 b6 11. Re1 Bb7 12. a3 Rc8 13. Bb2 h6 14. c4 dxc4 15. Nxc4 Qc7 16. Qe2 Rfd8 17. Rac1 Qf4 18. g3 Qg4 19. Nce5 Nxe5 20. Nxe5 Qxe2 21. Rxe2 Rxc1+ 22. Bxc1 Nxe4 23. Bxh6 Nc3 24. Rc2 Bf6 25. Bf4 Bxe5 26. Bxe5 Rxd3 27. f4 Ne4 28. Rc7 Bd5 29. Kf1 Rxa3 0-1

[Event "January 9 Late 2024"]
[Site "https://www.chess.com"]
[Date "2024.01.09"]
[Round "1"]
[White "Sokolovsky, Yahli"]
[Black "Boraso, Alessio"]
[Result "1-0"]
[Board "98"]
[TimeControl "180+1"]
[WhiteFideId "2820242"]
[BlackFideId "848077"]
[WhiteElo "2776"]
[BlackElo "2450"]
[WhiteTeam "ISR"]
[BlackTeam "ITA"]
[WhiteClock "0:00:08"]
[BlackClock "0:00:06"]

1. b3 a5 2. Bb2 a4 3. b4 e6 4. a3 Nf6 5. c4 b6 6. d4 d5 7. c5 b5 8. e4 Nxe4 9. Bxb5+ c6 10. Bd3 Ba6 11. Qxa4 Qg5 12. g3 Be7 13. b5 cxb5 14. Bxb5+ Bxb5 15. Qxb5+ Nd7 16. c6 Ndf6 17. c7+ Nd7 18. Nf3 Qf5 19. Nbd2 Nd6 20. Qc6 Rc8 21. Ne5 O-O 22. Nxd7 Ne4 23. Nxe4 Qxe4+ 24. Kd2 Qf3 25. Nxf8 Qxf2+ 26. Kc3 Bf6 27. Rhd1 Kxf8 28. Qd7 Qe3+ 29. Rd3 Bxd4+ 30. Kb4 Bc5+ 31. Kb5 Qxd3+ 32. Kxc5 Qc4+ 33. Kb6 Qb3+ 34. Ka7 Qe3+ 35. Kb7 Re8 36. Qxe8+ Kxe8 37. c8=Q+ Ke7 38. Qc7+ Ke8 39. Qc6+ Ke7 40. Rc1 d4 41. Qc5+ Ke8 42. Qxd4 Qb3+ 43. Ka7 f6 44. Qb4 Qd5 45. Qb8+ Kf7 46. Qb7+ Kg6 47. Qxd5 exd5 48. Kb6 1-0

[Event "January 9 Late 2024"]
[Site "https://www.chess.com"]
[Date "2024.01.09"]
[Round "1"]
[White "Musalov, Ruslan"]
[Black "Ghasi, Ameet K"]
[Result "0-1"]
[Board "99"]
[TimeControl "180+1"]
[WhiteFideId "4141490"]
[BlackFideId "409200"]
[WhiteElo "2449"]
[BlackElo "2772"]
[WhiteTeam "RUS"]
[BlackTeam "ENG"]
[WhiteClock "0:00:00"]
[BlackClock "0:00:20"]

1. e4 d6 2. Nf3 g6 3. d4 Bg7 4. Bd3 Nf6 5. c3 O-O 6. Nbd2 Nc6 7. O-O Nd7 8. Qe2 e5 9. d5 Ne7 10. Rd1 Nc5 11. Bc2 a5 12. Nf1 h6 13. a4 f5 14. exf5 Bxf5 15. Ne3 Bxc2 16. Qxc2 Qd7 17. Nd2 Rf4 18. b3 Raf8 19. f3 h5 20. Ndc4 e4 21. Nf1 exf3 22. Bxf4 fxg2 23. Ng3 Rxf4 24. Nxa5 Rf3 25. Qxg2 Rxc3 26. Rac1 Rxc1 27. Rxc1 Nd3 28. Rc4 Ne5 29. Rc2 h4 30. Ne4 Nxd5 31. Qe2 Nf4 32. Qf1 Qg4+ 33. Kh1 Nfd3 34. Re2 Nf3 35. Nd2 Nxd2 36. Rxd2 Qe4+ 37. Kg1 Bd4+ 0-1

[Event "January 9 Late 2024"]
[Site "https://www.chess.com"]
[Date "2024.01.09"]
[Round "1"]
[White "Krzyzanowski, Marcin"]
[Black "Peycheva, Gergana"]
[Result "1-0"]
[Board "100"]
[TimeControl "180+1"]
[WhiteFideId "1132199"]
[BlackFideId "2916711"]
[WhiteElo "2770"]
[BlackElo "2449"]
[WhiteTeam "POL"]
[BlackTeam "BUL"]
[WhiteClock "0:00:53"]
[BlackClock "0:00:13"]

1. e4 c5 2. Nf3 Nc6 3. d4 cxd4 4. Nxd4 g6 5. c4 Nf6 6. Nc3 Nxd4 7. Qxd4 d6 8. f3 Bg7 9. Be3 O-O 10. Qd2 Be6 11. Rc1 Qa5 12. b3 Rfc8 13. Bd3 a6 14. Ne2 Qxd2+ 15. Kxd2 b5 16. Nd4 bxc4 17. Nxe6 fxe6 18. Rxc4 d5 19. Rxc8+ Rxc8 20. Rc1 Rd8 21. e5 Ne4+ 22. Ke2 d4 23. Bxd4 Rxd4 24. fxe4 a5 25. Rc5 a4 26. Ke3 Rb4 27. Bc4 axb3 28. Bxe6+ Kh8 29. Rc8+ Bf8 30. Rxf8+ Kg7 31. Rg8+ Kh6 32. Bxb3 1-0

[Event "January 9 Late 2024"]
[Site "https://www.chess.com"]
[Date "2024.01.09"]
[Round "1"]
[White "Kazmaier, Daniel"]
[Black "Kozak, Antoni"]
[Result "1/2-1/2"]
[Board "101"]
[TimeControl "180+1"]
[WhiteFideId "2606089"]
[BlackFideId "21832030"]
[WhiteElo "2448"]
[BlackElo "2767"]
[WhiteTeam "CAN"]
[BlackTeam "POL"]
[WhiteClock "0:00:05"]
[BlackClock "0:00:44"]

1. d4 g6 2. Nc3 Bg7 3. Bf4 d6 4. Nf3 Nc6 5. Qd2 Nf6 6. Bh6 O-O 7. O-O-O Bg4 8. h3 Bxf3 9. exf3 e5 10. Bxg7 Kxg7 11. dxe5 Nxe5 12. f4 Ned7 13. g4 Re8 14. Bg2 Rb8 15. Bf3 b5 16. h4 b4 17. Nd5 Nxd5 18. Qxd5 Qf6 19. Qd4 Nc5 20. h5 Qxd4 21. h6+ Kf8 22. Rxd4 a5 23. Kd2 Ne6 24. Rc4 c5 25. Bd5 Nc7 26. Bc6 Red8 27. g5 Ne6 28. Bd5 Nc7 29. Bc6 Rb6 30. Bf3 Ne6 31. Bd5 Nc7 32. Bf3 f5 33. Re1 Rbb8 34. Bc6 Rb6 35. Bf3 Re8 36. Rxe8+ Kxe8 37. c3 bxc3+ 38. Kxc3 Nb5+ 39. Kd3 Nd4 40. Rxd4 cxd4 41. b3 Rb4 42. Bd5 Kf8 43. a3 Rb5 44. Kxd4 Rc5 45. Bc4 Ke7 46. b4 axb4 47. axb4 Rc8 48. f3 Ra8 49. b5 Ra1 50. Bg8 Kf8 51. Bb3 Rb1 52. Kc3 Ke7 53. b6 Kd7 54. b7 Rxb3+ 55. Kxb3 Kc7 56. Kc4 Kxb7 57. Kd5 Kc7 58. Ke6 Kc6 59. Kf7 d5 60. Kg7 d4 61. Kxh7 d3 62. Kxg6 d2 63. h7 d1=Q 64. h8=Q Qxf3 65. Qf6+ Kd7 66. Qxf5+ Ke8 67. Qe5+ Kf8 68. f5 Qd3 69. Kf6 Qd7 70. Qc5+ Ke8 71. g6 Qd6+ 72. Qxd6 1/2-1/2

[Event "January 9 Late 2024"]
[Site "https://www.chess.com"]
[Date "2024.01.10"]
[Round "1"]
[White "Shoker, Samy"]
[Black "Otero Marino, Alain"]
[Result "0-1"]
[Board "102"]
[TimeControl "180+1"]
[WhiteFideId "627143"]
[BlackFideId "3524876"]
[WhiteElo "2765"]
[BlackElo "2444"]
[WhiteTeam "EGY"]
[BlackTeam "CUB"]
[WhiteClock "0:00:04"]
[BlackClock "0:00:15"]

1. c4 e6 2. Nf3 d5 3. g3 Nf6 4. Bg2 Be7 5. O-O O-O 6. b3 c6 7. Bb2 Nbd7 8. d3 b5 9. Nbd2 a5 10. Qc2 Bb7 11. e4 a4 12. e5 Ne8 13. h4 Nc7 14. Rfd1 Na6 15. a3 axb3 16. Nxb3 Nac5 17. Nbd4 Na4 18. Bc1 bxc4 19. dxc4 Ndb6 20. Rb1 Qc7 21. cxd5 Nxd5 22. Ng5 Bxg5 23. Bxg5 Ndc3 24. Rxb7 Qxb7 25. Nxc6 Nd5 26. Ne7+ Kh8 27. Nxd5 exd5 28. Bxd5 Qc8 29. Qd2 Ra7 30. Rc1 Rc7 31. Rxc7 Qxc7 32. Qb4 Nc5 33. Kg2 Rc8 34. Qd4 Ne6 35. Bxe6 fxe6 36. Be3 Qc6+ 37. Kh2 h6 38. Qd6 Kh7 39. h5 Kh8 40. Qxc6 Rxc6 41. Kh3 Ra6 42. Bc5 Kg8 43. Bd6 Ra4 44. f4 Kf7 45. Kg4 Rc4 46. Kf3 Ke8 47. Kg4 Kd7 48. Bf8 Rc8 49. Bd6 Ra8 50. Kh4 Ke8 51. g4 Kf7 52. f5 Ra4 53. Bb4 Ra8 54. Kg3 Rc8 55. Kf4 Rc4+ 56. Kf3 Rc1 57. Bd6 Rf1+ 58. Ke4 Re1+ 59. Kf4 Rb1 60. Bb4 Rd1 61. Ke4 Rh1 62. Kf4 exf5 63. gxf5 Rxh5 64. e6+ Ke8 65. Bc3 Rg5 66. a4 g6 67. fxg6 Rxg6 68. Kf5 Rg5+ 69. Kf6 Rg3 70. Be5 Ra3 71. Bf4 h5 72. Bg5 Rxa4 73. Kg6 h4 74. Kf5 h3 0-1

[Event "January 9 Late 2024"]
[Site "https://www.chess.com"]
[Date "2024.01.09"]
[Round "1"]
[White "Korkmaz, Necmettin"]
[Black "Bordi, Kevin"]
[Result "0-1"]
[Board "103"]
[TimeControl "180+1"]
[WhiteFideId "6303285"]
[BlackFideId "621862"]
[WhiteElo "2443"]
[BlackElo "2762"]
[WhiteTeam "TUR"]
[BlackTeam "MNC"]
[WhiteClock "0:01:52"]
[BlackClock "0:02:39"]

1. e4 d5 2. exd5 Qxd5 3. Nc3 Qa5 4. d4 Nf6 5. Nf3 c6 6. Bd2 Bf5 7. Bc4 e6 8. Qe2 Bb4 9. a3 Nbd7 10. O-O-O b5 11. Bxe6 Bxe6 12. axb4 Qa1+ 13. Nb1 O-O 14. c3 Bf5 0-1

[Event "January 9 Late 2024"]
[Site "https://www.chess.com"]
[Date "2024.01.09"]
[Round "1"]
[White "Timmermans, Mark"]
[Black "Garrido Diaz, Jose Antonio"]
[Result "0-1"]
[Board "104"]
[TimeControl "180+1"]
[WhiteFideId "1026399"]
[BlackFideId "24516252"]
[WhiteElo "2762"]
[BlackElo "2441"]
[WhiteTeam "NED"]
[BlackTeam "ESP"]
[WhiteClock "0:00:26"]
[BlackClock "0:00:41"]

1. b4 e5 2. Bb2 Bxb4 3. Bxe5 Nf6 4. Nc3 O-O 5. Bxf6 Qxf6 6. Nd5 Qd6 7. c4 c6 8. Nxb4 Qxb4 9. e3 d5 10. cxd5 cxd5 11. Nf3 Nc6 12. Rb1 Qa3 13. Qb3 Qxb3 14. Rxb3 b6 15. Bb5 Bb7 16. O-O Rac8 17. h3 Na5 18. Rbb1 Rc2 19. a4 Rfc8 20. Bd3 Ra2 21. Ra1 Rxa1 22. Rxa1 Nb3 23. Ra3 Rc1+ 24. Kh2 Nc5 25. Be2 Bc6 26. a5 b5 27. Nd4 b4 28. Ra2 b3 29. Rb2 Ba4 30. Kg3 g6 31. Kf4 Rc2 32. Rb1 Rxd2 33. Ke5 b2 34. Kxd5 Nb3 35. Bd1 Nxd4 36. Bxa4 Nc2+ 0-1

[Event "January 9 Late 2024"]
[Site "https://www.chess.com"]
[Date "2024.01.09"]
[Round "1"]
[White "Sroczynski, Maciej"]
[Black "Bardyk, Artem"]
[Result "1/2-1/2"]
[Board "105"]
[TimeControl "180+1"]
[WhiteFideId "1121472"]
[BlackFideId "34349979"]
[WhiteElo "2441"]
[BlackElo "2761"]
[WhiteTeam "POL"]
[BlackTeam "RUS"]
[WhiteClock "0:00:05"]
[BlackClock "0:00:06"]

1. d4 d5 2. Nf3 Nf6 3. c4 c6 4. Qc2 g6 5. Nc3 Bg7 6. Bf4 O-O 7. e3 a6 8. Bd3 Bg4 9. Ne5 Be6 10. O-O Nbd7 11. b3 Nxe5 12. Bxe5 Rc8 13. Na4 Nd7 14. Bxg7 Kxg7 15. e4 dxe4 16. Bxe4 Qa5 17. Nc3 Nf6 18. Rad1 Nxe4 19. Nxe4 Bf5 20. Rfe1 e5 21. Qb2 Bxe4 22. Rxe4 exd4 23. Rdxd4 Kg8 24. g3 h5 25. h4 Rfe8 26. Qe2 Rxe4 27. Rxe4 Qd8 28. Re7 b5 29. Qe5 bxc4 30. bxc4 Qf8 31. Qf6 Rd8 32. Ra7 Rd1+ 33. Kg2 Qe8 34. Re7 Qf8 35. Qe5 Rd8 36. a4 Rc8 37. a5 Qd8 38. Qf6 Qf8 39. g4 hxg4 40. h5 Qg7 41. Qxg7+ Kxg7 42. hxg6 Kxg6 43. Ra7 f5 44. Rxa6 Kg5 45. Rb6 Rd8 46. a6 Rd2 47. Rxc6 Kf4 48. Rg6 Ra2 49. c5 Ke5 50. Kg3 Ra3+ 51. Kg2 Kf4 52. Rb6 Ra2 53. Rb4+ Ke5 54. c6 Rxa6 55. Rc4 Ra8 56. c7 Rc8 57. Kg3 Kd5 58. Rc1 Ke5 59. Rc2 Ke4 60. Rc4+ Ke5 61. Rc6 Kd5 62. Rc1 Ke4 63. Kh4 Kf4 64. Kh5 Kf3 65. Rc2 f4 66. Kh4 g3 67. fxg3 fxg3 68. Rc3+ Kf2 69. Rc2+ Ke3 70. Kxg3 Kd4 71. Kf4 Kd5 72. Kf5 Kd6 73. Rd2+ Kc6 74. Rc2+ Kb7 75. Ke6 Rxc7 76. Rxc7+ Kxc7 1/2-1/2

[Event "January 9 Late 2024"]
[Site "https://www.chess.com"]
[Date "2024.01.09"]
[Round "1"]
[White "Siddharth, Jagadeesh"]
[Black "Andrews, Todd"]
[Result "1-0"]
[Board "106"]
[TimeControl "180+1"]
[WhiteFideId "5818320"]
[BlackFideId "2012456"]
[WhiteElo "2760"]
[BlackElo "2435"]
[WhiteTeam "SGP"]
[BlackTeam "USA"]
[WhiteClock "0:01:01"]
[BlackClock "0:00:11"]

1. e4 e6 2. d4 d5 3. e5 c5 4. c3 Nc6 5. Nf3 Qb6 6. Bd3 cxd4 7. O-O Bd7 8. Re1 Rc8 9. Nbd2 dxc3 10. bxc3 Nge7 11. Rb1 Qc7 12. c4 a6 13. Ba3 Ng6 14. Bxf8 Nxf8 15. cxd5 exd5 16. Qb3 Ne6 17. Qxd5 O-O 18. Qe4 g6 19. Qh4 f5 20. exf6 Qf4 21. Qxf4 Nxf4 22. Bc4+ Kh8 23. Rxb7 Nb8 24. Re7 h6 25. Ne5 Rxf6 26. Nxd7 Nxd7 27. Rbxd7 Rxc4 28. Rd8+ Rf8 29. Rxf8# 1-0

[Event "January 9 Late 2024"]
[Site "https://www.chess.com"]
[Date "2024.01.09"]
[Round "1"]
[White "Gheorghiu, Calin"]
[Black "Rohan, Ahuja"]
[Result "1-0"]
[Board "107"]
[TimeControl "180+1"]
[WhiteFideId "1200305"]
[BlackFideId "5090598"]
[WhiteElo "2433"]
[BlackElo "2759"]
[WhiteTeam "ROU"]
[BlackTeam "IND"]
[WhiteClock "0:01:11"]
[BlackClock "0:00:09"]

1. e4 e5 2. Nf3 Nc6 3. Bb5 a6 4. Ba4 Nf6 5. d3 d6 6. c3 g6 7. O-O Bd7 8. Re1 Bg7 9. Nbd2 O-O 10. Nf1 Qe8 11. Ng3 Kh8 12. Bg5 h6 13. Bd2 Ng8 14. Bb3 f5 15. exf5 gxf5 16. d4 e4 17. Nh4 Nge7 18. Nh5 Na5 19. Bc2 Nc4 20. Bc1 Ng6 21. Nxg7 Kxg7 22. Qh5 Nxh4 23. Qxh6+ Kg8 24. Qxh4 Qg6 25. Bb3 d5 26. Bxc4 dxc4 27. Bf4 c6 28. Re3 Kf7 29. Be5 f4 30. Qxf4+ Ke8 31. Qxe4 Qxe4 32. Rxe4 Bf5 33. Re3 Kd7 34. Rae1 Rae8 35. f3 Rg8 36. Kf2 Be6 37. g4 b5 38. h4 Bd5 39. h5 Ref8 40. Kg3 Rf7 41. h6 Rg6 42. Rh1 Rh7 43. Bf4 a5 44. a3 Be6 45. Re5 Bd5 46. Rg5 Rf6 47. Rg7+ Rxg7 48. hxg7 Rg6 49. Be5 Ke7 50. f4 Bg8 51. f5 Rg5 52. Kf4 Kf7 53. Kxg5 Ke7 54. Rh6 1-0

[Event "January 9 Late 2024"]
[Site "https://www.chess.com"]
[Date "2024.01.09"]
[Round "1"]
[White "Karacsonyi, Gellert"]
[Black "Hejazipour, Mitra"]
[Result "1-0"]
[Board "108"]
[TimeControl "180+1"]
[WhiteFideId "764620"]
[BlackFideId "12505951"]
[WhiteElo "2755"]
[BlackElo "2432"]
[WhiteTeam "HUN"]
[BlackTeam "FRA"]
[WhiteClock "0:02:15"]
[BlackClock "0:00:37"]

1. e4 c5 2. Nf3 d6 3. d4 cxd4 4. Nxd4 Nf6 5. Nc3 a6 6. Bc4 e6 7. O-O Nbd7 8. Bxe6 fxe6 9. Nxe6 Qa5 10. Nd5 Nxd5 11. exd5 Nf6 12. Bd2 Qb6 13. Be3 Qa5 14. b4 Qxb4 15. Nc7+ Kf7 16. Nxa8 Be7 17. Nb6 Bg4 18. Qd4 Qa5 19. c4 Bf5 20. Rfe1 Re8 21. Qf4 g6 22. Bd4 Bd8 23. Rxe8 Nxe8 24. g4 Bxb6 25. Bxb6 Qxb6 26. gxf5 Qb2 27. fxg6+ Kxg6 28. Re1 Ng7 29. Qg4+ Kf7 30. Qd7+ 1-0

[Event "January 9 Late 2024"]
[Site "https://www.chess.com"]
[Date "2024.01.09"]
[Round "1"]
[White "Sliwicki, Damian"]
[Black "Chirilov, James A"]
[Result "1-0"]
[Board "109"]
[TimeControl "180+1"]
[WhiteFideId "1127128"]
[BlackFideId "30976677"]
[WhiteElo "2432"]
[BlackElo "2754"]
[WhiteTeam "POL"]
[BlackTeam "USA"]
[WhiteClock "0:00:09"]
[BlackClock "0:00:00"]

1. e4 c5 2. Nf3 Nc6 3. c4 Nf6 4. Nc3 e5 5. g3 g6 6. Bg2 Bg7 7. O-O O-O 8. d3 d6 9. a3 a6 10. Ne1 Nd4 11. b4 b5 12. Nc2 Be6 13. Be3 bxc4 14. Nd5 cxd3 15. Qxd3 Nxd5 16. Bxd4 exd4 17. exd5 Bf5 18. Qc4 d3 19. Ne3 Bxa1 20. Nxf5 gxf5 21. Rxa1 Qf6 22. Rd1 cxb4 23. axb4 Rac8 24. Qxd3 f4 25. Qxa6 fxg3 26. hxg3 Rc2 27. Rf1 Re8 28. Qd3 Rb2 29. b5 Ree2 30. Bf3 Red2 31. Qe3 Rdc2 32. Bg2 Rxb5 33. Qe8+ Kg7 34. Qxb5 h5 35. Qd3 Rb2 36. Qf3 Qe5 37. Qf4 Qxf4 38. gxf4 Rb4 39. f3 Rxf4 40. Rd1 Kf6 41. Kf2 Ke5 42. Ke3 Rb4 43. Rh1 h4 44. Rd1 f5 45. Re1 Kxd5 46. f4+ Ke6 47. Kf3+ Kf6 48. Kf2 Rb2+ 49. Kf3 Rb4 50. Rh1 Rb3+ 51. Kf2 Rb2+ 52. Kg1 Rd2 53. Rxh4 Kg6 54. Rh3 d5 55. Rg3+ Kf6 56. Re3 d4 57. Re8 Rb2 58. Rd8 Rb4 59. Kf2 d3 60. Ke3 Rb2 61. Bf3 d2 62. Rxd2 Rb3+ 63. Rd3 Rb6 64. Rd5 Rb3+ 65. Rd3 Rb6 66. Bd5 Rd6 67. Bc4 Rc6 68. Bb3 Rb6 69. Bd1 Re6+ 70. Kf3 Rb6 71. Be2 Re6 72. Re3 Rb6 73. Bd3 Rd6 74. Ke2 Rd5 75. Bc2 Rc5 76. Kd2 Rd5+ 77. Bd3 Rc5 78. Re8 Rd5 79. Ke3 Ra5 80. Rf8+ Ke6 81. Rh8 Kf6 82. Rh6+ Kg7 83. Rb6 Kf7 84. Kd4 Ke7 85. Bc4 Ra4 86. Rc6 Kd7 87. Rc5 Ra1 88. Rxf5 Kd6 89. Rf6+ Ke7 90. Re6+ Kd7 91. f5 Rd1+ 92. Ke5 Rc1 93. Bd5 Re1+ 94. Be4 Rf1 95. f6 Kc7 96. Re7+ Kd8 97. Ra7 Rc1 98. f7 Rc5+ 99. Kd6 Rc6+ 100. Bxc6 1-0